 Dungeon Crawl Stone Soup version 0.22.2-1-ge965b3a (webtiles) character file.

585 PaladinM the Slasher (level 7, -2/50 HPs)
             Began as a Human Warper on June 17, 2019.
             Killed by nerve-wracking pain
             ... invoked by a shadow imp
              (12 damage)
             ... on level 6 of the Dungeon.
             The game lasted 00:14:26 (7770 turns).

PaladinM the Slasher (Human Warper)                 Turns: 7770, Time: 00:14:27

Health: -2/50      AC:  4    Str: 13    XL:     7   Next: 64%
Magic:  3/10       EV: 12    Int: 13    God:
Gold:   344        SH:  0    Dex: 15    Spells: 6/10 levels left

rFire    . . .     SeeInvis +   q - +0 great sword
rCold    . . .     Gourm    .   (shield currently unavailable)
rNeg     . . .     Faith    .   b - +0 leather armour
rPois    .         Spirit   .   (no helmet)
rElec    .         Reflect  .   (no cloak)
rCorr    .         Harm     .   (no gloves)
MR       .....                  o - +0 pair of boots
Stlth    +.........             a - amulet of inaccuracy (curse)
HPRegen  0.16/turn              j - +2 ring of strength
MPRegen  0.12/turn              t - ring of see invisible

@: shrouded (expiring), very slightly contaminated
A: no striking features
a: no special abilities


You were on level 6 of the Dungeon.
You were very hungry.

You visited 1 branch of the dungeon, and saw 6 of its levels.

You collected 344 gold pieces.

Inventory:

Hand Weapons
 q - a +0 great sword (weapon)
Missiles
 e - 5 tomahawks of dispersal (quivered)
 m - 5 tomahawks
Armour
 b - a +0 leather armour (worn)
 o - a +0 pair of boots (worn)
Jewellery
 a - a cursed amulet of inaccuracy (around neck)
 j - a +2 ring of strength (left hand)
 t - a ring of see invisible (right hand)
 v - an uncursed amulet of the gourmand {unknown}
Wands
 n - a wand of random effects (35)
Scrolls
 c - a scroll of magic mapping {unknown}
 d - a scroll of blinking
 h - a scroll of teleportation
 l - a scroll of fog
 s - a scroll of enchant armour {unknown}
Potions
 g - a potion of invisibility
 i - 3 potions of mutation
 k - 2 potions of berserk rage {unknown}
 p - a potion of cancellation
 r - a potion of resistance {unknown}
 u - a potion of curing
 w - a potion of heal wounds {unknown}
Comestibles
 f - 10 rations


   Skills:
 - Level 2.1 Fighting
 + Level 7.6 Long Blades
 - Level 1.0 Throwing
 - Level 1.0 Armour
 - Level 2.1 Dodging
 - Level 2.4 Spellcasting
 - Level 3.0 Translocations


You had 6 spell levels left.
You knew the following spells:

 Your Spells              Type           Power        Failure   Level  Hunger
a - Shroud of Golubria    Chrm/Tloc      #.........   26%         2    ###....
b - Blink                 Tloc           N/A          14%         2    ###....

Your spell library contained the following spells:

 Spells                   Type           Power        Failure   Level  Hunger
 Gell's Gravitas          Tloc           #.........   26%         3    ###....
 Lesser Beckoning         Tloc           #.........   26%         3    ###....
 Teleport Other           Tloc           #.......     26%         3    ###....
 Passage of Golubria      Tloc           N/A          65%         4    #####..


Dungeon Overview and Level Annotations

Branches:
Dungeon (6/15)
 Temple: D:4-7

Altars:
Cheibriados
Fedhas
Wu Jian

Annotations:
D:5 Edmund


Message History

The shadow imp barely misses you.
You slash the shadow imp!
The shadow imp is severely wounded.
The shadow imp gestures at you. Pain shoots through your body!
* * * LOW HITPOINT WARNING * * *
You closely miss the shadow imp.
The shadow imp is severely wounded.
Your shroud bends the shadow imp's attack away.
You miss the shadow imp.
The shadow imp is severely wounded.
The shadow imp hits you but does no damage.
The shadow imp hits you.
* * * LOW HITPOINT WARNING * * *
You barely miss the shadow imp.
The shadow imp is severely wounded.
Your shroud begins to fray at the edges.
The shadow imp gestures at you. Pain shoots through your body!
You die...

#..# .. ##.# .# #.# ..##
## #.# .#. .## #.# #.
..#.. #.# #.# ... #.# ..
#5# #.# # #.# #@##.###.#
# #. ##.## #.##.#...#..
#. #.##...###.##.#.###.#
#. #....#.....##.#.# #.#
#.###...(.#####.#.# #.#
##........# #.#.# #.#
..#...#.....# #.#.# #.#
#..........# #.#.###.#
#....#####.#####....##.#


You could see a shadow imp.

Vanquished Creatures
  A bullfrog (D:6)
  An orc priest (D:4)
  2 hounds
  An iguana (D:4)
  2 orc wizards (D:4)
  2 worker ants
  12 gnolls
  6 adders
  3 oozes
  5 worms
  7 dart slugs
  3 leopard geckos
  12 orcs
  4 giant cockroaches
  7 goblins
  13 hobgoblins
  3 jackals (D:3)
  5 kobolds
  2 ball pythons (D:1)
  5 bats
  5 frilled lizards
  8 rats
109 creatures vanquished.

Notes
Turn   | Place    | Note
-------+----------+-------------------------------------------
     0 | D:1      | PaladinM the Human Warper began the quest for the Orb.
     0 | D:1      | Reached XP level 1. HP: 16/16 MP: 3/3
    60 | D:1      | Reached XP level 2. HP: 8/22 MP: 5/5
   461 | D:1      | Reached XP level 3. HP: 22/27 MP: 6/6
   550 | D:1      | Reached skill level 3 in Long Blades
  1474 | D:2      | Reached XP level 4. HP: 33/33 MP: 7/7
  1729 | D:3      | Learned a level 2 spell: Shroud of Golubria
  1734 | D:3      | Learned a level 2 spell: Blink
  2031 | D:2      | Reached skill level 4 in Long Blades
  2101 | D:2      | Found a blossoming altar of Fedhas.
  2452 | D:2      | Reached XP level 5. HP: 36/38 MP: 5/8
  3211 | D:3      | Reached skill level 5 in Long Blades
  4174 | D:4      | Reached XP level 6. HP: 39/44 MP: 9/9
  4176 | D:4      | Found an ornate altar of the Wu Jian Council.
  4215 | D:4      | Reached skill level 6 in Long Blades
  5126 | D:4      | Found a snail-covered altar of Cheibriados.
  5461 | D:4      | Reached XP level 7. HP: 29/50 MP: 6/10
  6418 | D:5      | Entered Level 5 of the Dungeon
  6476 | D:4      | Reached skill level 7 in Long Blades
  7623 | D:5      | Noticed Edmund
  7770 | D:6      | Killed from afar by a shadow imp

Skill      XL: |  1  2  3  4  5  6  7 |
---------------+----------------------+-----
Long Blades    | 3 4 5 6 7 |  7.6
Fighting       | |  2.1
Throwing       | |  1.0
Armour         | |  1.0
Dodging        | |  2.1
Spellcasting   | |  2.4
Translocations | |  3.0

Action                   |  1- 3 |  4- 6 |  7- 9 || total
-------------------------+-------+-------+-------++-------
Melee: Falchion          |   106 |   189 |       ||   295
       Great sword       |       |    78 |   130 ||   208
 Cast: Shroud of Golubri |       |    26 |    15 ||    41
       Blink             |       |       |     1 ||     1
  Use: Scroll            |       |     6 |       ||     6
       Potion            |       |     1 |     1 ||     2
 Stab: Sleeping          |       |     2 |       ||     2
  Eat: Chunk             |     1 |    13 |     8 ||    22
       Ration            |       |     1 |       ||     1
Armor: Leather armour    |    22 |    61 |    37 ||   120
Dodge: Dodged            |    89 |   183 |   128 ||   400
       Rpst.: Falchion   |    26 |    41 |       ||    67
       Great sword       |       |    17 |    41 ||    58
